 Seeded DCSS version 0.29-a0-43-g62a80824bf (webtiles) character file.

Game seed: 10000000000011 (custom seed)

142198 knot the Executioner (level 16, -9/105 HPs)
             Began as a Demonspawn Berserker on Feb 3, 2022.
             Was an Elder of Trog.
             Mangled by a broodmother (22 damage)
             ... on level 3 of the Lair of Beasts.
             The game lasted 01:40:37 (48383 turns).

knot the Executioner (Demonspawn Berserker)        Turns: 48383, Time: 01:40:37

Health: -9/105     AC: 14    Str: 18    XL:     16   Next: 79%
Magic:  0/35       EV: 10    Int: 20    God:    Trog [****..]
Gold:   2687       SH:  0    Dex: 14    Spells: 15/15 levels left

rFire   . . .      SeeInvis .   T - +4 executioner's axe (protect)
rCold   + . .      Faith    .   (shield currently unavailable)
rNeg    . . .      Spirit   +   r - +1 chain mail of Urghimes {Fly rPois rC+ Slay-2 Stlth+}
rPois   +          Reflect  .   x - +3 hat of Pondering {ponderous, Will+ MP+10 Int+5}
rElec   .          Harm     .   F - +2 cloak {Stlth+}
rCorr   .          Rampage  .   (gloves unavailable)
Will    +++..                   V - +1 pair of boots
Stlth   +.........              I - amulet of the acrobat
HPRegen 0.27/turn               z - ring of willpower
MPRegen 0.48/turn               P - ring of magical power

@: silenced, corroded, on berserk cooldown, flying, slowed, very slow
A: powered by death 2, magic shield, magic regeneration, magic link, sturdy
frame 2, demonic touch 3
a: Renounce Religion


You were on level 3 of the Lair of Beasts.
You worshipped Trog.
Trog was greatly pleased with you.
You visited 6 branches of the dungeon, and saw 27 of its levels.
You also visited: Gauntlet.

You collected 3027 gold pieces.
You spent 340 gold pieces at shops.

Inventory:

Hand Weapons
 v - a +2 hand axe of flaming
 B - a +1 battleaxe of chaos
 T - a +4 executioner's axe of protection (weapon)
Missiles
 j - 5 curare-tipped darts
 w - 115 stones
 y - 3 atropa-tipped darts
 A - 34 sling bullets
 C - a poisoned dart (quivered)
 D - 4 javelins
Armour
 h - a +2 robe of fire resistance
 n - a +2 robe of cold resistance
 p - +0 swamp dragon scales
 q - a +1 helmet of see invisible
 r - the +1 chain mail of Urghimes (worn) {Fly rPois rC+ Slay-2 Stlth+}
   (You bought it in a shop on level 3 of the Dungeon)

   Slay:      It affects your accuracy & damage with ranged weapons and melee
   (-2).
   rC:        It protects you from cold.
   rPois:     It protects you from poison.
   Fly:       It grants you flight.
   Stlth:     It makes you more stealthy.
 x - the +3 hat of Pondering (worn) {ponderous, Will+ MP+10 Int+5}
   (You found it on level 8 of the Dungeon)

   Int:       It affects your intelligence (+5).
   MP:        It affects your magic capacity (+10).
   Will:      It increases your willpower.
 F - a +2 cloak of stealth (worn)
 V - a +1 pair of boots (worn)
Jewellery
 a - a ring of resist corrosion
 d - an amulet of reflection
 m - the ring of the Albatross {Will+ Dex+2}
   (You took it off a spriggan druid on level 1 of the Swamp)

   [ring of willpower]

   Dex:       It affects your dexterity (+2).
   Will:      It increases your willpower.
 z - a ring of willpower (left hand)
 I - an amulet of the acrobat (around neck)
 P - a ring of magical power (right hand)
 Q - a ring of protection from fire
 U - a ring of flight
 W - a ring of fire
 X - a +6 ring of strength
 Y - a ring of protection from fire
Wands
 f - a wand of mindburst (6)
 l - a wand of polymorph (9)
 s - a wand of acid (5)
 J - a wand of digging (4)
 K - a wand of flame (24)
Scrolls
 b - 2 scrolls of holy word
 c - 3 scrolls of amnesia
 k - 6 scrolls of teleportation
 o - 2 scrolls of fog
 E - 2 scrolls of magic mapping
 G - 3 scrolls of vulnerability
 H - 2 scrolls of torment
 N - a scroll of silence
 O - 5 scrolls of identify
Potions
 e - 6 potions of curing
 g - 3 potions of brilliance
 i - 2 potions of magic
 u - a potion of resistance
 L - 2 potions of flight
 M - 2 potions of might
 R - 3 potions of haste
 S - a potion of cancellation
 Z - 2 potions of ambrosia


   Skills:
 - Level 3.6 Fighting
 * Level 24.7 Axes
 - Level 12.0 Throwing
 - Level 2.4 Armour
 - Level 2.5 Dodging


You had 15 spell levels left.
You didn't know any spells.
Your spell library contained the following spells:

 Spells                   Type           Power      Damage    Failure   Level
 Pain                     Necr           0%         1d4       61%         1
 Sandblast                Erth           0%         2d4       61%         1
 Slow                     Hex            0%         N/A       61%         1
 Corpse Rot               Necr/Air       0%         N/A       75%         2
 Ensorcelled Hibernation  Hex/Ice        0%         N/A       75%         2
 Passwall                 Tmut/Erth      0%         N/A       75%         2
 Poisonous Vapours        Pois/Air       0%         N/A       75%         2
 Static Discharge         Conj/Air       0%         N/A       75%         2
 Confusing Touch          Hex            0%         N/A       93%         3
 Dazzling Flash           Conj/Hex       0%         N/A       93%         3
 Ozocubu's Armour         Ice            0%         N/A       93%         3
 Stone Arrow              Conj/Erth      0%         3d7       93%         3
 Summon Guardian Golem    Hex/Summ       0%         N/A       93%         3
 Swiftness                Air            0%         N/A       93%         3
 Tukima's Dance           Hex            0%         N/A       93%         3
 Vampiric Draining        Necr           0%         2d6       93%         3
 Anguish                  Hex/Necr       0%         N/A       100%        4
 Animate Armour           Summ/Erth      0%         N/A       100%        4
 Passage of Golubria      Tloc           0%         N/A       100%        4
 Agony                    Necr           0%         N/A       100%        5
 Excruciating Wounds      Necr           0%         N/A       100%        5
 Lightning Bolt           Conj/Air       0%         1d11      100%        5
 Metabolic Englaciation   Hex/Ice        0%         N/A       100%        5
 Silence                  Hex/Air        0%         N/A       100%        5
 Yara's Violent Unravell  Hex/Tmut       0%         3d3       100%        5
 Simulacrum               Ice/Necr       0%         N/A       100%        6
 Enfeeble                 Hex            0%         N/A       100%        7
 Orb of Destruction       Conj           0%         9d5       100%        7
 Spellforged Servitor     Conj/Summ      0%         N/A       100%        7
 Lehudib's Crystal Spear  Conj/Erth      0%         10d2      100%        8
 Maxwell's Capacitive Co  Air            0%         ∞         100%        8


Dungeon Overview and Level Annotations

Branches:
Dungeon (15/15)            Temple (1/1) D:4            Lair (6/6) D:9
  Swamp (2/4) Lair:2       Spider (1/4) Lair:3        Slime (0/5) Lair:6
    Orc (2/2) D:12            Elf (0/3) Orc:2        Vaults (0/5) D:14
 Depths (0/4) D:15        Gauntlet (visited)

Altars:
Dithmenos
Hepliaklqana
Kikubaaqudgha
Nemelex Xobeh
Okawaru
Qazlal
Ru
Uskayaw
Jiyva

Shops:
D:3 [   D:8 :   Orc:2 (([(

Annotations:
Swamp:2 3 runed translucent doors, Ateukk's ghost, adept MiGl; Fakli's ghost, journeyman DrWn; Jenidogu's ghost, adept GrSu; Zomibl Ceupp's ghost, adept OpMo


Innate Abilities, Weirdness & Mutations

You regenerate health from kills.
When hurt, damage is shared between your health and your magic reserves.
You regenerate magic rapidly.
When low on magic, you restore magic in place of health.
Your movements are less encumbered by armour. (ER -4)
Your touch may irresistibly damage your foes and sap their willpower.


Message History

The redback's corpse disappears in a puff of smoke!
You hit the culicivora. You slash the culicivora! You hit the tarantella.
You slash the broodmother!
A tarantella comes into view.
The jumping spider leaps!
The culicivora bites you!
The culicivora draws strength from your injuries!
The broodmother bites you!!
A spider bursts forth from the wound!
You are too injured to fight recklessly!
You slice the broodmother!!
The broodmother is severely wounded.
You slice the culicivora!! You closely miss the culicivora.
You hit the wolf spider but do no damage.
The culicivora bites you but does no damage.
The culicivora bites you!
* * * LOW HITPOINT WARNING * * *
The culicivora draws strength from your injuries!
You are no longer berserk.
You are exhausted.
You feel yourself slow down.
The broodmother is healed somewhat.
The culicivora completely misses you.
Items here: ) [ ††.
The culicivora closely misses you.
The jumping spider leaps!
The broodmother is healed somewhat. x2
There is a crawl-hole back to the Lair, spattered with blood here.
The broodmother misses you.
The jumping spider leaps!
The wolf spider hits you.
* * * LOW HITPOINT WARNING * * *
The wolf spider barely misses you. The broodmother bites you!
* * * LOW HITPOINT WARNING * * *
A spider bursts forth from the wound!
You fly upwards.
Welcome back to the Lair of Beasts!
The culicivora disappears in a puff of smoke!
The wolf spider disappears in a puff of smoke!
The redback disappears in a puff of smoke!
The culicivora disappears in a puff of smoke!
The jumping spider disappears in a puff of smoke!
There is a hole to the Spider Nest here.
Okay, then.
As you read the scroll of silence, it crumbles to dust.
A profound silence engulfs you. The broodmother bites you!!
You die...

....###########.................#
.................................
.................................
.................................
.....<....##.....................
.......#####...................##
.......####...#..............###
.....####....###.............# #
..P######...###P@s.>........#####
.######.^..## ##............###..
## #P......## ##P....#####..#.).
#####.......# #####.# ##......
#.##.......##########.####.......
##.........##.#.##.##..†.........
...........##.................#..
...................#...###..##...
...........##...#.###### ######..


You could see a broodmother (unsilenced).

Vanquished Creatures
  Mlioglotl (Swamp:1)
  A sphinx (D:15)
  Kirke (D:12)
  An ironbound preserver (D:14)
  An eleionoma (Swamp:1)
  A broodmother (Spider:1)
  The ghost of Ruicvywi the Grappler, a journeyman OgTm of Okawaru (Lair:3)
  A minotaur (Gauntlet)
  An entropy weaver (Spider:1)
  5 bunyips
  The ghost of Lupesig the Peltast, a journeyman MiFi of Trog (Lair:3)
  An ettin (D:15)
  A rakshasa (D:14)
  A yaktaur captain (D:15)
  4 boulder beetles
  3 ogre magi
  18 hydras
  A ghost crab (Swamp:1)
  2 centaur warriors (D:13)
  Harold (D:8)
  Erica (D:8)
  21 two-headed ogres
  5 death yaks (Lair:6)
  A death knight (D:15)
  The ghost of Dormantt the Destroyer, a novice DrCj of Vehumet (D:8)
  5 alligators
  5 goliath frogs
  A skeletal warrior (D:13)
  2 deep trolls (Orc:1)
  2 steelbarb worms
  3 bog bodies
  3 deep elf pyromancers
  A spriggan druid (Swamp:1)
  A swamp dragon (Swamp:1)
  A wizard (D:15)
  An orc knight (D:14)
  A necromancer (D:15)
  2 orc sorcerers
  4 will-o-the-wisps (Swamp:2)
  2 manticores (D:12)
  6 wolf spiders
  3 ugly things
  7 cyclopes
  A moth of wrath (Spider:1)
  4 elephants (Lair:3)
  A guardian serpent (D:10)
  7 black mambas
  A naga mage (D:15)
  27 cane toads
  A torpor snail (Spider:1)
  A gargoyle (D:14)
  Joseph (D:7)
  An ice statue (Gauntlet)
  5 rime drakes
  Maggie (Lair:1)
  A yaktaur (D:15)
  13 komodo dragons
  An efreet (D:15)
  7 freezing wraiths
  3 demonic crawlers (Spider:1)
  A kobold demonologist (D:5)
  9 trolls
  3 meliai (Spider:1)
  3 polar bears
  10 tyrant leeches
  2 tarantellas (Spider:1)
  5 hornets
  Prince Ribbit (D:8)
  24 blink frogs
  11 dream sheep
  2 jumping spiders (Spider:1)
  4 flying skulls (Gauntlet)
  9 slime creatures
  A jumping spider (shapeshifter) (D:14)
  3 culicivoras (Spider:1)
  32 yaks
  8 spriggans
  A shadow (D:13)
  3 wraiths
  4 hogs (D:12)
  4 basilisks
  14 redbacks
  6 swamp worms
  22 vampire mosquitoes
  An acid dragon (D:9)
  17 water moccasins
  13 orc warriors
  A swamp drake (Swamp:1)
  3 black bears
  A necrophage (D:6)
  An ice beast (D:7)
  35 wolves
  23 ogres
  7 centaurs
  A phantom (D:6)
  A kobold brigand (D:7)
  7 scorpions
  2 wyvern zombies (D:7)
  16 bullfrogs
  A wyvern skeleton (D:7)
  Dowan (D:4)
  A hornet simulacrum (D:15)
  8 killer bees
  9 wights
  6 howler monkeys
  5 centaur zombies
  7 orc priests
  3 hounds
  2 jellies
  2 bullfrog skeletons
  4 centaur skeletons
  A gnoll shaman (Orc:1)
  Ijyb (D:4)
  8 orc wizards
  A scorpion zombie (D:5)
  4 gnolls (Orc:1)
  7 adders
  A river rat (D:4)
  A shadow imp (D:7)
  A white imp (D:5)
  35 orcs
  6 endoplasms
  2 giant cockroaches
  5 goblins
  5 hobgoblins
  14 jackals
  A quokka (D:4)
  A quokka (shapeshifter) (D:15)
  4 ball pythons
  7 bats
  5 frilled lizards
  5 kobolds
  5 rats
682 creatures vanquished.

Vanquished Creatures (collateral kills)
  Rupert (Lair:5)
  An entropy weaver (Gauntlet)
  Snorg (Lair:3)
  A death knight (D:13)
  A two-headed ogre (D:14)
  A centaur warrior (D:14)
  A cyclops (D:14)
  4 elephants (Lair:3)
  A freezing wraith (D:13)
  A tengu conjurer (D:14)
  A jumping spider (Gauntlet)
  A kobold (D:7)
15 creatures vanquished.

Vanquished Creatures (others)
  A centaur (D:11)
  A kobold (D:7)
  10 foxfires (Swamp:2)
  53 fungi
  126 plants
  6 withered plants (Lair:3)
197 creatures vanquished.

Grand Total: 894 creatures vanquished

Notes
Turn   | Place    | Note
-------+----------+-------------------------------------------
     0 | D:1      | knot the Demonspawn Berserker began the quest for the Orb.
     0 | D:1      | Reached XP level 1. HP: 18/18 MP: 1/1
   216 | D:1      | Gained mutation: You regenerate magic rapidly. [demonic
                  | ancestry]
   216 | D:1      | Reached XP level 2. HP: 24/24 MP: 2/2
   594 | D:1      | Reached skill level 3 in Axes
  1115 | D:2      | Gained mutation: Your touch may inflict minor irresistible
                  | damage on your foes. [demonic ancestry]
  1115 | D:2      | Reached XP level 3. HP: 29/29 MP: 3/3
  1191 | D:2      | Reached ** piety under Trog
  1780 | D:2      | Reached XP level 4. HP: 35/35 MP: 4/4
  2209 | D:3      | Noticed an ogre
  2242 | D:3      | Killed an ogre
  2243 | D:3      | Reached skill level 1 in Throwing
  2243 | D:3      | Reached XP level 5. HP: 41/41 MP: 5/5
  2568 | D:3      | Found Daocsar's Antique Armour Emporium.
  2760 | D:4      | Reached skill level 4 in Axes
  2837 | D:4      | Found a staircase to the Ecumenical Temple.
  2865 | D:4      | Gained mutation: Your touch may inflict irresistible damage
                  | on your foes. [demonic ancestry]
  2865 | D:4      | Reached XP level 6. HP: 38/47 MP: 6/6
  3293 | D:4      | Noticed Dowan
  3298 | D:4      | Noticed Duvessa
  3311 | Temple   | Entered the Ecumenical Temple
  3688 | D:4      | Noticed Duvessa
  3688 | D:4      | Duvessa changed into Duvessa the river rat
  3691 | D:4      | Killed Duvessa the river rat
  3700 | D:4      | Killed Dowan
  3738 | D:4      | Noticed Ijyb
  3865 | D:4      | Killed Ijyb
  4192 | D:5      | Entered Level 5 of the Dungeon
  4241 | D:5      | Noticed a kobold demonologist
  4249 | D:5      | Noticed a hellwing
  4255 | D:5      | Killed a kobold demonologist
  4256 | D:5      | Reached skill level 5 in Axes
  4256 | D:5      | Gained mutation: When hurt, damage is shared between your
                  | health and your magic reserves. [demonic ancestry]
  4256 | D:5      | Reached XP level 7. HP: 42/52 MP: 7/7
  4526 | D:5      | Noticed a spriggan
  4538 | D:5      | Killed a spriggan
  4697 | D:5      | Reached skill level 6 in Axes
  4821 | D:5      | Reached skill level 5 in Throwing
  4935 | D:5      | Gained mutation: You regenerate a little health from kills.
                  | [demonic ancestry]
  4935 | D:5      | Reached XP level 8. HP: 44/59 MP: 4/8
  5367 | D:5      | Found a hide-covered altar of Uskayaw.
  5488 | D:3      | Bought an ichor-stained chain mail for 190 gold pieces
  5488 | D:3      | Identified the +1 chain mail of Urghimes {Fly rPois rC+
                  | Slay-2 Stlth+} (You bought it in a shop on level 3 of the
                  | Dungeon)
  5578 | D:6      | Reached skill level 7 in Axes
  6764 | D:6      | Found an iron altar of Okawaru.
  7003 | D:7      | Found a sacrificial altar of Ru.
  7068 | D:7      | Gained mutation: Your touch may irresistibly damage your
                  | foes and sap their willpower. [demonic ancestry]
  7068 | D:7      | Reached XP level 9. HP: 61/61 MP: 6/9
  7072 | D:7      | Reached skill level 8 in Axes
  7376 | D:7      | Noticed Joseph
  7390 | D:7      | Killed Joseph
  8087 | D:8      | Noticed a two-headed ogre
  8098 | D:8      | Killed a two-headed ogre
  8099 | D:8      | Reached skill level 9 in Axes
  8506 | D:8      | Found the +3 hat of Pondering {ponderous, Will+ MP+10
                  | Int+5}
  8515 | D:8      | Noticed Harold
  8528 | D:8      | Killed Harold
  8529 | D:8      | Reached XP level 10. HP: 70/70 MP: 7/10
  9024 | D:8      | Found a large runed translucent door.
  9024 | D:8      | Found a large runed translucent door.
  9025 | D:8      | Noticed Dormantt's ghost (novice DrCj)
  9063 | D:8      | Noticed Prince Ribbit
  9090 | D:8      | Killed Prince Ribbit
  9091 | D:8      | Reached skill level 10 in Axes
  9329 | D:8      | Noticed Erica
  9351 | D:8      | Killed Erica
  9656 | D:8      | Found Yhyquem's Self-Improvement Boutique.
 10054 | D:9      | Reached *** piety under Trog
 10189 | D:9      | Reached skill level 10 in Throwing
 10405 | D:9      | You are sucked into a shaft and drop 2 floors!
 10408 | D:10     | Entered Level 10 of the Dungeon
 11846 | D:9      | Found a staircase to the Lair.
 11862 | D:9      | Reached skill level 11 in Axes
 12267 | D:3      | Bought a runed cloak for 150 gold pieces
 12454 | Lair:1   | Entered Level 1 of the Lair of Beasts
 12463 | Lair:1   | Noticed a black mamba
 12477 | Lair:1   | Killed a black mamba
 12823 | Lair:1   | Noticed a cane toad
 12851 | D:9      | Killed a cane toad
 12976 | Lair:1   | Gained mutation: Your movements are slightly less
                  | encumbered by armour. (ER -2) [demonic ancestry]
 12976 | Lair:1   | Reached XP level 11. HP: 68/75 MP: 11/11
 13414 | Lair:1   | Noticed Maggie
 13430 | Lair:1   | Killed Maggie
 14327 | Lair:1   | Reached skill level 12 in Axes
 14658 | Lair:1   | Noticed a five-headed hydra
 14684 | Lair:1   | Killed a one-headed hydra
 15847 | Lair:1   | Reached skill level 13 in Axes
 15986 | Lair:2   | Found a staircase to the Swamp.
 16524 | Lair:2   | Gained mutation: When low on magic, you restore magic in
                  | place of health. [demonic ancestry]
 16524 | Lair:2   | Reached XP level 12. HP: 76/82 MP: 12/12
 17352 | D:10     | Found an ancient bone altar of Kikubaaqudgha.
 17771 | D:10     | Found a hazy altar of Hepliaklqana.
 19231 | D:11     | Noticed a two-headed ogre
 19235 | D:11     | Noticed a two-headed ogre
 19242 | D:10     | Killed a two-headed ogre
 19243 | D:10     | Reached skill level 14 in Axes
 19647 | D:11     | Killed a two-headed ogre
 20621 | D:12     | Noticed Kirke
 20648 | D:12     | Noticed a sphinx
 20650 | D:12     | Killed Kirke
 20651 | D:12     | Reached skill level 15 in Axes
 21145 | D:12     | Noticed a two-headed ogre
 21161 | D:12     | Killed a two-headed ogre
 21179 | D:12     | Noticed a four-headed hydra
 21216 | D:12     | Killed a one-headed hydra
 21806 | D:12     | Noticed a boulder beetle
 21819 | D:12     | Killed a boulder beetle
 21947 | D:12     | Reached skill level 16 in Axes
 22086 | D:12     | Found a staircase to the Orcish Mines.
 22431 | D:13     | Noticed a death knight
 22457 | D:12     | Reached XP level 13. HP: 48/87 MP: 11/13
 24061 | D:13     | Reached skill level 17 in Axes
 25304 | Lair:3   | Noticed Snorg
 25312 | Lair:3   | Found a runed translucent gate.
 25313 | Lair:3   | Found a runed translucent gate.
 25314 | Lair:3   | Found a runed translucent gate.
 25325 | Lair:3   | Killed Snorg
 25639 | Lair:3   | Noticed Lupesig's ghost (journeyman MiFi)
 25640 | Lair:3   | Noticed Ruicvywi's ghost (journeyman OgTm)
 25766 | D:8      | Killed Dormantt's ghost
 25954 | Lair:3   | Found a hole to the Spider Nest.
 26501 | Lair:3   | Identified a scroll of acquirement
 26519 | Lair:2   | Acquired a +2 vorpal executioner's axe
 27414 | Lair:2   | Found a staircase to the Swamp.
 28001 | Lair:3   | Reached skill level 18 in Axes
 29814 | Lair:4   | Identified the amulet of Risuwni {Acrobat Contam Str+7}
 30712 | Orc:1    | Entered Level 1 of the Orcish Mines
 30905 | Orc:1    | Gained mutation: Your movements are less encumbered by
                  | armour. (ER -4) [demonic ancestry]
 30905 | Orc:1    | Reached XP level 14. HP: 73/93 MP: 14/14
 30915 | Orc:1    | Reached **** piety under Trog
 31144 | Orc:2    | Entered Level 2 of the Orcish Mines
 31580 | Orc:2    | Reached skill level 19 in Axes
 32971 | Orc:2    | Found Isumof's Weapon Shoppe.
 32973 | Orc:2    | Found Pext's Antique Weapon Shop.
 32980 | Orc:2    | Found Cops's Armour Emporium.
 32981 | Orc:2    | Found Plog's Antique Weapon Shoppe.
 33023 | Orc:2    | Found a staircase to the Elven Halls.
 33779 | D:14     | Found a gate to the Vaults.
 33779 | D:14     | Noticed an ironbound preserver
 33782 | D:14     | Reached skill level 20 in Axes
 33802 | D:14     | Killed an ironbound preserver
 34800 | D:15     | Entered Level 15 of the Dungeon
 35218 | D:15     | Found a gate leading to a gauntlet.
 35225 | Gauntlet | Entered a Gauntlet
 35225 | Gauntlet | Found a transporter.
 35225 | Gauntlet | Found a transporter.
 35237 | Gauntlet | Found a transporter.
 35237 | Gauntlet | Found a transporter.
 35240 | Gauntlet | Found a transporter.
 35285 | Gauntlet | Found a transporter.
 35285 | Gauntlet | Found a transporter.
 35297 | Gauntlet | Found a transporter.
 35315 | Gauntlet | Found a transporter.
 35325 | Gauntlet | Found a transporter.
 35340 | Gauntlet | Found a transporter.
 35353 | Gauntlet | Found a transporter.
 35360 | Gauntlet | Found a transporter.
 35373 | Gauntlet | Found a transporter.
 35707 | Gauntlet | Identified the +1 scale mail of Wrong Decisions {Will+
                  | Str+2 Dex+3}
 36363 | D:15     | Noticed a sphinx
 37085 | D:15     | Reached skill level 21 in Axes
 37321 | D:15     | Gained mutation: You regenerate health from kills. [demonic
                  | ancestry]
 37321 | D:15     | Reached XP level 15. HP: 95/98 MP: 15/15
 37417 | D:15     | Found a staircase to the Depths.
 37539 | D:15     | Found a shadowy altar of Dithmenos.
 37638 | D:15     | Killed a sphinx
 38776 | Lair:5   | Noticed Rupert
 38785 | Lair:5   | Killed Rupert
 38786 | Lair:5   | Reached skill level 22 in Axes
 39588 | Lair:6   | Entered Level 6 of the Lair of Beasts
 40011 | Lair:5   | Reached ***** piety under Trog
 40682 | Lair:6   | Reached skill level 23 in Axes
 41084 | Lair:6   | Reached XP level 16. HP: 27/105 MP: 13/16
 41792 | Lair:6   | Found a viscous altar of Jiyva.
 41792 | Lair:6   | Found a staircase to the Slime Pits.
 42159 | Swamp:1  | Entered Level 1 of the Swamp
 43023 | Swamp:1  | Noticed Mlioglotl
 43038 | Swamp:1  | Killed Mlioglotl
 44813 | Swamp:2  | Identified the ring of the Albatross {Will+ Dex+2}
 46269 | Swamp:2  | Reached skill level 24 in Axes
 46774 | Swamp:2  | Found a sparkling altar of Nemelex Xobeh.
 47398 | Swamp:2  | Found a runed translucent gate.
 47399 | Swamp:2  | Found a runed translucent gate.
 47410 | Swamp:2  | Found a runed translucent gate.
 47412 | Swamp:2  | Noticed Jenidogu's ghost (adept GrSu)
 47412 | Swamp:2  | Noticed Zomibl Ceupp's ghost (adept OpMo)
 47426 | Swamp:2  | Noticed Ateukk's ghost (adept MiGl)
 47426 | Swamp:2  | Noticed Fakli's ghost (journeyman DrWn)
 47626 | Lair:3   | Killed Lupesig's ghost
 47629 | Lair:3   | Killed Ruicvywi's ghost
 47700 | Spider:1 | Entered Level 1 of the Spider Nest
 48383 | Lair:3   | Mangled by a broodmother

Illustrated notes

Levels and vault maps discovered:
D:1:      lordsloth_arrival_two_stooges, layout_basic, grunt_decor_fettered,
          minmay_misc_feat_diagonals, nicolae_concentric_dashed_squares_wild
D:2:      layout_rooms, hangedman_decor_clover_reticule
D:3:      layout_basic, serial_shops, shop, kennysheep_path_1
D:4:      layout_rooms, temple_doors_e, uniq_duvessa, uniq_ijyb
D:5:      layout_loops_cross, nicolae_uskayaw_suspiria, item_on_display_a
D:6:      layout_rooms, nicolae_overflow_hidden_temple, grunt_ministairs_6
D:7:      layout_loops_ring, nicolae_ru_awakened_eye, palyth_stone_intersect,
          minmay_misc_feat_alley, minivault_27, uniq_joseph
D:8:      layout_loops_ring, ebering_ghost_disaster_area,
          nicolae_shop_self_help, uniq_harold, uniq_erica, uniq_prince_ribbit1
D:9:      layout_grid_maze, grunt_lair_entry_orc_guard_hut
D:10:     layout_loops_cross, mainiacjoe_overflow_alcove_2,
          kennysheep_little_box
D:11:     layout_rooms, lemuel_flamethrower_hall
D:12:     layout_grid_maze, orc_0_dummy, dreamdust_deal_with_the_devil,
          kennysheep_generic_room_15, uniq_kirke
D:13:     layout_basic
D:14:     layout_rooms, skrybe_vaults_entry_preservation,
          small_statue_intersection
D:15:     grunt_enter_depths_magical_seal, layout_rooms, gauntlet_entry_generic,
          nicolae_dithmenos_shadow_blocks, minmay_radiant
Temple:   dshaligram_water_room_temple
Lair:1:   layout_small_grid, minivault_27, grunt_forest_small_clearing_treed,
          uniq_maggie
Lair:2:   layout_cave_pods, swamp_mist_pool
Lair:3:   layout_cave_pods, dummy_spider_entry, gammafunk_ghost_cemetery,
          beast_lair_carwin_4, uniq_snorg
Lair:4:   layout_loops_ring, serial_forest, infiniplex_forest_clump_long,
          infiniplex_forest_clump_small, infiniplex_forest_3_way,
          infiniplex_forest_lined_1
Lair:5:   layout_roguey, grunt_forest_stairs_basic, uniq_rupert
Lair:6:   minmay_lair_end_frog_pond, layout_small_grid,
          dpeg_slime_entry_enclosed_altar
Swamp:1:  layout_basic_swamp, evilmike_swamp_ruin_house_5, uniq_mlioglotl
Swamp:2:  layout_falls_marsh, gammafunk_ghost_cemetery, nicolae_swamp_godswood,
          swamp_pool1, nicolae_swamp_wisp_ring_woods
Spider:1: cheibrodos_spider_silkery, nicolae_spider_moth_buddies
Orc:1:    layout_diamond_mine
Orc:2:    st_orc_open, layout_caves

Skill      XL: |  1  2  3  4  5  6  7  8  9 10 11 12 13 14 15 16 |
---------------+-------------------------------------------------+-----
Armour         | 2 |  2.4
Dodging        | 2 |  2.5
Axes           | 3 4 5 6 7 9 11 13 16 18 21 23 24 | 24.7
Throwing       | 1 2 4 5 7 9 10 12 | 12.0
Fighting       | |  3.6

Action                   |  1- 3 |  4- 6 |  7- 9 | 10-12 | 13-15 | 16-18 || total
-------------------------+-------+-------+-------+-------+-------+-------++-------
Melee: Hand axe          |   111 |    48 |       |     6 |    33 |    33 ||   231
       Touch             |     5 |    16 |    27 |     6 |    11 |     7 ||    72
       Punch             |     1 |       |     3 |       |     2 |       ||     6
       War axe           |       |    47 |   164 |    12 |       |       ||   223
       Battleaxe         |       |       |       |   651 |   181 |       ||   832
       Scimitar          |       |       |       |    13 |    19 |       ||    32
       Executioner's axe |       |       |       |       |   970 |   426 ||  1396
Throw: Dart              |       |     7 |     5 |    41 |    32 |    39 ||   124
       Stone             |       |     2 |       |    43 |    64 |       ||   109
       Boomerang         |       |       |     4 |   110 |       |    47 ||   161
       Throwing net      |       |       |       |     1 |     2 |       ||     3
Invok: Berserk           |     4 |     6 |    11 |    49 |    38 |    25 ||   133
       Trog's Hand       |       |     1 |       |     1 |       |     1 ||     3
       Brothers in Arms  |       |       |       |       |     3 |     4 ||     7
Evoke: Wand              |       |     2 |    28 |    21 |    18 |    11 ||    80
  Use: Potion            |       |     2 |     2 |     3 |     2 |     2 ||    11
       Scroll            |       |       |       |    23 |    15 |     9 ||    47
 Stab: Paralysed         |       |       |       |     3 |       |       ||     3
       Distracted        |       |       |       |       |     2 |       ||     2
       Invisible         |       |       |       |       |       |     3 ||     3
       Sleeping          |       |       |       |       |       |     1 ||     1
Armor: Animal skin       |    24 |    20 |       |       |       |       ||    44
       Robe              |       |     2 |     6 |       |       |       ||     8
       Skin              |       |       |     9 |       |       |       ||     9
       Chain mail        |       |       |    49 |   424 |   816 |   263 ||  1552
Dodge: Dodged            |    66 |    62 |    59 |   327 |   810 |   228 ||  1552
Block: Other             |    20 |    25 |    31 |   221 |    52 |       ||   349
       Reflection        |       |       |     1 |     4 |       |       ||     5

Table legend: (Time is in decaauts)
 A = Elapsed time spent in this place.
 B = Non-inter-level travel time spent in this place.
 C = Inter-level travel time spent in this place.
 D = Time resting spent in this place.
 E = Time spent auto-exploring this place.
 F = Levels seen in this place.
 G = Mean time per level.
                   A        B        C        D        E       F      G
               +--------+--------+--------+--------+--------+-----+--------+
         Total |  50785 |  47804 |   2981 |  22129 |  18776 |  28 | 1813.8 |
       Dungeon |  26122 |  24299 |   1823 |  11226 |   9658 |  15 | 1741.5 |
        Temple |    488 |    488 |      0 |    478 |      0 |   1 |  488.0 |
          Lair |  15706 |  14787 |    919 |   6582 |   6229 |   6 | 2617.7 |
         Swamp |   4707 |   4582 |    125 |   2259 |   1719 |   2 | 2353.5 |
   Spider Nest |    188 |    188 |      0 |     25 |      2 |   1 |  188.0 |
  Orcish Mines |   2848 |   2737 |    111 |   1343 |   1036 |   2 | 1424.0 |
      Gauntlet |    723 |    723 |      0 |    213 |    132 |   1 |  723.0 |
               +--------+--------+--------+--------+--------+-----+--------+

Top non-repeatable levels by time:
  Lair:2: 3759 daAuts
 Swamp:1: 3622 daAuts
  Lair:3: 3498 daAuts
  Lair:1: 3183 daAuts
     D:9: 2798 daAuts
    D:12: 2633 daAuts
    D:10: 2587 daAuts
    D:13: 2556 daAuts
    D:14: 2552 daAuts
     D:8: 2281 daAuts
  Lair:6: 1999 daAuts
   Orc:1: 1847 daAuts
  Lair:5: 1714 daAuts
     D:5: 1582 daAuts
  Lair:4: 1550 daAuts
